 Dungeon Crawl Stone Soup version 0.19.0-19-g8c6edcc (webtiles) character file.

6519 mmcf the Basher (level 10, -30/88 HPs)
             Began as a Minotaur Berserker on Nov 15, 2016.
             Was a High Priest of Trog.
             Killed from afar by a fire giant (46 damage)
             ... with a fireball
             ... on level 10 of the Dungeon.
             The game lasted 00:28:53 (9543 turns).

mmcf the Basher (Minotaur Berserker)                Turns: 9543, Time: 00:28:55

Health: -30/88     AC: 18    Str: 22    XL:     10   Next: 69%
Magic:  9/9        EV:  9    Int:  5    God:    Trog [*****.]
Gold:   371        SH:  0    Dex: 15    Spells: 0 memorised, 9 levels left

rFire  . . .     SeeInvis .     a - +1 morningstar
rCold  . . .     Gourm    +     y - +0 plate armour
rNeg   . . .     Faith    .     (no shield)
rPois  .         Spirit   .     (helmet restricted)
rElec  .         Reflect  .     E - +0 cloak
rCorr  .         Harm     .     q - +1 pair of gloves {Dex+3}
MR     .....                    (no boots)
Stlth  ..........               n - amulet of the gourmand
                                (no ring)
                                (no ring)

@: no status effects
A: retaliatory headbutt, horns 2
a: Berserk, Trog's Hand, Brothers in Arms, Burn Spellbooks, Renounce Religion


You were on level 10 of the Dungeon.
You worshipped Trog.
Trog was extremely pleased with you.
You were very full.

You visited 1 branch of the dungeon, and saw 10 of its levels.

You collected 580 gold pieces.
You spent 209 gold pieces at shops.

Inventory:

Hand Weapons
 a - a +1 morningstar (weapon)
 b - a +0 hunting sling
Missiles
 u - 95 sling bullets
 D - 3 tomahawks (quivered)
Armour
 q - a +1 pair of gloves of dexterity (worn)
 y - a +0 plate armour (worn)
 E - a +0 cloak (worn)
Jewellery
 n - an amulet of the gourmand (around neck)
Wands
 l - a wand of polymorph (24/24)
 m - a wand of iceblast (10/15)
 p - a wand of confusion (25/48)
 G - a wand of lightning (5/15)
 H - a wand of polymorph (16/24)
 J - a wand of lightning (12/15)
Scrolls
 d - 3 scrolls of teleportation
 j - 2 scrolls of recharging
 s - a scroll of enchant armour
 t - a scroll of torment {unknown}
 v - 2 scrolls of immolation
 x - 3 scrolls of noise
 A - a scroll of amnesia
Potions
 e - 5 potions of curing
 g - a potion of ambrosia
 h - 2 potions of haste
 k - a potion of might
 o - a potion of flight {unknown}
 r - a potion of mutation {unknown}
 B - 2 potions of agility
 F - 2 potions of heal wounds
 L - 2 potions of lignification
Comestibles
 c - 3 bread rations
 f - 4 meat rations
 i - 8 beef jerkies
 w - a slice of pizza
 z - 9 royal jellies
 C - 3 fruits
 I - 11 chunks of flesh


   Skills:
 - Level 8.0 Fighting
 * Level 14.4 Maces & Flails
 + Level 9.7 Armour
 - Level 5.0 Dodging


You had 9 spell levels left.
You didn't know any spells.

Dungeon Overview and Level Annotations

Branches:
Dungeon (10/15)            Temple (0/1) D:7             Orc (0/2) D:9
   Lair: D:8-11

Altars:
Cheibriados
Fedhas
Makhleb
Okawaru
Trog
Vehumet
The Shining One

Shops:
D:6 [   D:8 *   D:9 [


Innate Abilities, Weirdness & Mutations

You reflexively headbutt those who attack you in melee.
You have a pair of horns on your head.


Message History

Your troll bites the fire bat!!
The fire bat dies!
Trog accepts your kill. Something appears at your feet! Trog grants you a gift!
The fire giant points at you and mumbles some strange words.
The bolt of fire hits the fire bat.
The fire bat completely resists.
The bolt of fire hits you!
Ouch! That really hurt!
* * * LOW HITPOINT WARNING * * *
You hear a shout!
Okay, then.
The fire bat bites your troll but does no damage.
Your troll bites the fire bat!!
The fire bat dies!
Trog accepts your kill. The fire giant casts a spell at you.
The fireball explodes!
The fireball engulfs you!
Ouch! That really hurt!
You die...

#.# #....P.PPP.. #.#
##.P.P..PP. #.#
###).....
#.######...#.####
#...)...........##
######.#...#.....###
#.##.##...T...#
#.##.##...O.##
#.......@).Co#
####.#######.# #.#
#)......o #.#
###....!8 #.# ..o...
#.# ....b #.# #....
.. #... #..


You could see a fire giant, an ogre, an orc and a friendly troll (berserk).

Vanquished Creatures
  Nergalle (D:10)
  Psyche (D:8)
  Grinder (D:4)
  A hornet (D:9)
  4 hippogriffs
  A wyvern (D:9)
  A hungry ghost (D:7)
  Eustachio (D:4)
  Menkaure (D:4)
  2 soldier ants (D:9)
  3 orc warriors
  A swamp drake (D:9)
  3 ice beasts
  A sky beast (D:10)
  2 black bears
  6 ogres
  3 crocodiles (D:10)
  A bullfrog (D:7)
  2 scorpions
  3 wyvern skeletons
  3 killer bees (D:8)
  4 howler monkeys
  2 crimson imps
  A bullfrog zombie (D:6)
  6 hounds
  2 jellies (D:9)
  8 orc wizards
  A centaur skeleton (D:8)
  7 orc priests
  Crazy Yiuf (D:5)
  2 iguanas (D:4)
  4 worker ants
  A killer bee zombie (D:8)
  A hound skeleton (D:4)
  A worker ant zombie (D:6)
  Robin (D:4)
  8 gnolls
  7 adders
  A river rat (D:10)
  A shadow imp (D:9)
  An ooze (D:3)
  An adder zombie (D:8)
  2 adder skeletons
  8 worms
  4 leopard geckos
  45 orcs
  2 ball pythons
  13 bats
  3 giant cockroaches
  17 goblins
  12 hobgoblins
  11 jackals
  6 quokkas
  3 frilled lizards
  3 goblin skeletons (D:4)
  A goblin zombie (D:4)
  A hobgoblin zombie (D:4)
  3 kobolds
  2 kobold zombies (D:4)
  2 orc zombies (D:4)
  A quokka zombie (D:8)
  15 rats
257 creatures vanquished.

Vanquished Creatures (collateral kills)
  2 fire bats (D:10)
2 creatures vanquished.

Vanquished Creatures (others)
  A fungus (D:10)
1 creature vanquished.

Grand Total: 260 creatures vanquished

Notes
Turn   | Place    | Note
-------+----------+-------------------------------------------
     0 | D:1      | mmcf the Minotaur Berserker began the quest for the Orb.
     0 | D:1      | Reached XP level 1. HP: 19/19 MP: 0/0
   467 | D:1      | Reached skill level 4 in Maces & Flails
   467 | D:1      | Reached XP level 2. HP: 26/26 MP: 1/1
  1086 | D:2      | Reached XP level 3. HP: 33/33 MP: 2/2
  1484 | D:2      | Reached XP level 4. HP: 27/40 MP: 3/3
  1645 | D:3      | Reached ** piety under Trog
  1811 | D:2      | Reached skill level 5 in Maces & Flails
  2669 | D:2      | Reached XP level 5. HP: 46/46 MP: 4/4
  2798 | D:3      | Noticed an ice beast
  2809 | D:3      | Killed an ice beast
  2864 | D:3      | Reached XP level 6. HP: 49/55 MP: 5/5
  2937 | D:4      | Reached skill level 5 in Fighting
  2937 | D:4      | Reached skill level 6 in Maces & Flails
  3182 | D:3      | Reached *** piety under Trog
  3309 | D:3      | Noticed an orc warrior
  3319 | D:3      | Killed an orc warrior
  3406 | D:3      | Reached XP level 7. HP: 61/61 MP: 6/6
  3486 | D:3      | Reached skill level 7 in Maces & Flails
  3626 | D:4      | Noticed Grinder
  3633 | D:4      | Killed Grinder
  3636 | D:4      | Reached skill level 5 in Dodging
  3731 | D:4      | Reached skill level 8 in Maces & Flails
  3882 | D:4      | Noticed Robin
  3920 | D:4      | Killed Robin
  4002 | D:5      | Entered Level 5 of the Dungeon
  4101 | D:4      | Noticed Eustachio
  4113 | D:4      | Reached **** piety under Trog
  4116 | D:4      | Killed Eustachio
  4116 | D:4      | Reached XP level 8. HP: 71/71 MP: 7/7
  4383 | D:4      | Found a glowing golden altar of the Shining One.
  4389 | D:4      | Noticed Menkaure
  4431 | D:4      | Killed Menkaure
  4431 | D:4      | Reached skill level 9 in Maces & Flails
  5031 | D:5      | Reached skill level 5 in Armour
  5484 | D:5      | Found a burning altar of Makhleb.
  5485 | D:5      | Noticed a cacodemon
  5511 | D:5      | Reached skill level 10 in Maces & Flails
  5642 | D:5      | Reached ***** piety under Trog
  5971 | D:5      | Found a runed door.
  5975 | D:5      | Noticed Crazy Yiuf
  5978 | D:5      | Killed Crazy Yiuf
  6184 | D:6      | Reached XP level 9. HP: 77/80 MP: 8/8
  6196 | D:7      | Found a staircase to the Ecumenical Temple.
  6326 | D:6      | Found Goanaor's Armour Boutique.
  6329 | D:6      | Bought a +0 pair of gloves of dexterity for 161 gold pieces
  6769 | D:7      | Found a bloodstained altar of Trog.
  6770 | D:7      | Found a blossoming altar of Fedhas.
  6878 | D:7      | Reached skill level 11 in Maces & Flails
  7107 | D:7      | Found a radiant altar of Vehumet.
  7473 | D:7      | Found an iron altar of Okawaru.
  7902 | D:8      | Found Eptaxaav's General Store.
  7910 | D:8      | Bought a potion of agility for 48 gold pieces
  7923 | D:9      | Found a snail-covered altar of Cheibriados.
  7929 | D:9      | Reached skill level 12 in Maces & Flails
  7982 | D:8      | Noticed Psyche
  7994 | D:8      | Killed Psyche
  8529 | D:9      | Reached XP level 10. HP: 88/88 MP: 9/9
  8579 | D:9      | Found a staircase to the Orcish Mines.
  8753 | D:9      | Reached skill level 13 in Maces & Flails
  8951 | D:10     | Entered Level 10 of the Dungeon
  9046 | D:9      | Found Turhich's Armour Shop.
  9426 | D:10     | Noticed Nergalle
  9441 | D:10     | Killed Nergalle
  9441 | D:10     | Reached skill level 14 in Maces & Flails
  9527 | D:10     | Noticed a fire giant
  9542 | D:10     | Received a gift from Trog
  9543 | D:10     | Killed from afar by a fire giant

Skill      XL: |  1  2  3  4  5  6  7  8  9 10 |
---------------+-------------------------------+-----
Maces & Flails | 4 5 6 8 10 12 14 | 14.4
Armour         | 3 4 5 8 9 |  9.7
Fighting       | 4 5 6 7 8 |  8.0
Dodging        | 3 4 5 |  5.0

Action                   |  1- 3 |  4- 6 |  7- 9 | 10-12 || total
-------------------------+-------+-------+-------+-------++-------
Melee: Mace              |    49 |   106 |   103 |       ||   258
       Headbutt          |     6 |    19 |    57 |    35 ||   117
       Morningstar       |       |       |   241 |   150 ||   391
Invok: Berserk           |     2 |     5 |    10 |     1 ||    18
       Trog's Hand       |       |     3 |     1 |       ||     4
       Burn Spellbooks   |       |       |     2 |       ||     2
       Brothers in Arms  |       |       |       |     1 ||     1
  Use: Scroll            |       |       |    20 |     2 ||    22
 Stab: Sleeping          |       |     3 |       |       ||     3
  Eat: Chunk             |     3 |    13 |    52 |     6 ||    74
       Fruit             |       |       |     3 |       ||     3
       Pizza             |       |       |     1 |       ||     1
Armor: Animal skin       |    10 |    15 |       |       ||    25
       Leather armour    |       |    14 |     2 |       ||    16
       Plate armour      |       |       |   208 |   101 ||   309
Dodge: Dodged            |    25 |    98 |   134 |    65 ||   322
